AoeStats
← Dickpantz

Arena

509784722Analyzed
4v4 RM · 5d ago on Sep 28, 2026· 49m 34s· 8 players
Game mode
Random Map
Map size
Large (8 player)
Population
200
Speed
Normal
Resources
Standard
Victory
Conquest
Starting age
Dark Age
Ending age
Imperial Age
RankedLock teamsTeams togetherTeam positionsShared explorationLock speedFull tech treeHidden civsTurbo modeCheats
Victory
Defeat
🇺🇸 Franks · United States
1119
+15
🇺🇸 Khmer · United States
1115
+15
🇺🇸 Japanese · United States
1106
+16
🇺🇸 Burmese · United States
1077
+17
🇨🇴 Italians · Colombia
1189
-18
🇨🇴 Byzantines · Colombia
1173
-19
🇨🇴 Hindustanis · Colombia
1121
-17
🇨🇴 Britons · Colombia
928
-9
Kobu
10:11 Feudal Age
14:00 Castle Age
12:37 Double-Bit Axe
21:29 Horse Collar
22:00 Bow Saw
23:26 Heavy Plow
24:26 Loom
25:17 Wheelbarrow
28:04 Hand Cart
27:57 Gold Mining
28:43 Fervor
28:54 Sanctity
32:31 Imperial Age
30:41 Gold Shaft Mining
29:57 Stone Mining
31:56 Treadmill Crane
32:43 Forging
32:40 Scale Barding Armor
32:50 Fortified Wall
33:06 Husbandry
34:16 Stone Shaft Mining
35:00 Chain Barding Armor
35:15 Iron Casting
35:12 Crop Rotation
35:43 Two-Man Saw
34:27 Cavalier
36:55 Plate Barding Armor
36:11 Fletching
37:23 Chemistry
36:44 Ballistics
36:54 Conscription
36:25 Paladin
39:51 Bodkin Arrow
39:29 Elite Cataphract
40:46 Logistica
46:33 Heavy Camel Rider
Descomponido
7:25 Loom
11:02 Feudal Age
12:03 Double-Bit Axe
15:29 Castle Age
13:46 Horse Collar
14:36 Stone Mining
15:37 Gold Mining
22:55 Stone Shaft Mining
23:27 Wheelbarrow
23:55 Bow Saw
26:25 Heavy Plow
27:30 Gold Shaft Mining
31:03 Imperial Age
28:35 Scale Mail Armor
28:46 Forging
28:26 Fletching
28:38 Padded Archer Armor
28:51 Scale Barding Armor
30:02 Hand Cart
29:56 Fletching
30:17 Forging
30:07 Scale Mail Armor
30:08 Padded Archer Armor
30:31 Chain Barding Armor
30:34 Bodkin Arrow
30:58 Husbandry
31:09 Bloodlines
31:16 Heavy Camel Rider
33:56 Iron Casting
33:59 Conscription
33:40 Light Cavalry
34:45 Imperial Camel Rider
36:24 Grand Trunk Road
38:37 Ballistics
38:18 Town Watch
39:49 Town Patrol
41:06 Plate Barding Armor
43:57 Chemistry
44:33 Hussar
44:33 Hussar
GO_ShadowStallion
11:38 Feudal Age
12:29 Double-Bit Axe
15:22 Castle Age
14:22 Town Watch
14:24 Loom
15:37 Stone Mining
21:14 Fletching
22:19 Gold Mining
23:15 Bow Saw
24:26 Bodkin Arrow
25:08 Ballistics
25:52 Padded Archer Armor
27:20 Wheelbarrow
28:12 Leather Archer Armor
31:01 Imperial Age
28:56 Squires
29:42 Hand Cart
32:55 Conscription
32:50 Pirotechnia
33:24 Husbandry
33:35 Bloodlines
33:36 Scale Barding Armor
35:37 Chain Barding Armor
34:42 Light Cavalry
37:35 Forging
40:23 Chemistry
40:20 Horse Collar
42:04 Bracer
LORDEMENTE
11:03 Feudal Age
13:27 Double-Bit Axe
13:36 Gold Mining
19:34 Castle Age
18:04 Horse Collar
18:42 Stone Mining
19:39 Fletching
21:01 Pikeman
23:11 Wheelbarrow
25:49 Loom
28:31 Padded Archer Armor
33:18 Bodkin Arrow
33:40 Leather Archer Armor
41:51 Yeomen
42:48 Ballistics
47:47 Imperial Age
48:12 Elite Longbowman
49:42 Conscription
Dickpantz
10:51 Feudal Age
10:57 Feudal Age
14:22 Castle Age
12:15 Double-Bit Axe
12:13 Horse Collar
16:02 Bow Saw
19:34 Loom
23:15 Wheelbarrow
23:47 Heavy Plow
24:04 Gold Mining
27:51 Imperial Age
25:10 Town Watch
29:43 Forging
29:39 Scale Barding Armor
28:56 Cavalier
29:36 Husbandry
29:47 Bloodlines
29:47 Capped Ram
31:57 Gold Shaft Mining
30:46 Siege Ram
30:54 Light Cavalry
32:39 Chain Barding Armor
32:40 Hussar
34:03 Iron Casting
34:57 Conscription
35:15 Heavy Scorpion
36:01 Double Crossbow
36:09 Pikeman
36:46 Halberdier
38:05 Ballistics
40:38 Hand Cart
43:56 Chemistry
POO PANIC
11:36 Feudal Age
15:31 Castle Age
13:44 Double-Bit Axe
18:19 Bow Saw
18:28 Stone Mining
23:17 Wheelbarrow
25:08 Loom
26:14 Hand Cart
26:35 Forging
26:25 Scale Mail Armor
26:32 Town Watch
30:38 Imperial Age
29:19 Chain Mail Armor
30:11 Masonry
29:58 Murder Holes
30:07 Gold Mining
30:54 Iron Casting
30:10 Fletching
31:20 Town Patrol
31:46 Squires
31:31 Arson
32:30 Conscription
31:31 Elite Throwing Axeman
32:42 Conscription
31:42 Elite Throwing Axeman
33:48 Chemistry
34:20 Architecture
34:04 Bodkin Arrow
35:10 Blast Furnace
34:41 Plate Mail Armor
35:02 Hoardings
35:59 Hoardings
35:07 Elite Throwing Axeman
37:23 Siege Engineers
36:58 Elite Throwing Axeman
38:37 Pikeman
39:35 Halberdier
41:00 Hoardings
48:22 Coinage
48:23 Scale Barding Armor
Da Pope
10:39 Feudal Age
14:44 Castle Age
12:31 Double-Bit Axe
12:37 Horse Collar
23:12 Heavy Plow
24:20 Wheelbarrow
26:37 Hand Cart
26:43 Bow Saw
27:07 Scale Mail Armor
27:16 Loom
27:45 Town Watch
29:41 Chain Mail Armor
33:36 Imperial Age
31:26 Forging
31:42 Chain Mail Armor
33:09 Iron Casting
32:39 Gold Mining
34:04 Squires
33:50 Arson
35:16 Plate Mail Armor
35:48 Blast Furnace
35:40 Conscription
35:53 Elite Samurai
38:26 Two-Man Saw
39:48 Caravan
39:14 Pikeman
Lord Tay
5:41 Loom
13:28 Feudal Age
14:52 Wheelbarrow
16:27 Forging
16:18 Scale Mail Armor
15:40 Man-at-Arms
16:06 Arson
20:37 Castle Age
20:58 Long Swordsman
21:24 Gambesons
21:40 Squires
32:56 Horse Collar
34:09 Iron Casting
33:40 Scale Barding Armor
34:31 Hand Cart
35:20 Bloodlines
35:11 Husbandry
35:31 Light Cavalry
36:42 Manipur Cavalry
38:49 Chain Barding Armor
43:25 Imperial Age
44:13 Howdah
44:43 Conscription
45:34 Blast Furnace
44:57 Elite Battle Elephant
47:50 Plate Barding Armor
Connection lost

Rejoining the realm…

Still unreachable

The connection could not be restored.

Session expired

The server has moved on; the page needs a fresh start.